 Dungeon Crawl Stone Soup version 0.28-a0-1159-g27aa881441 (webtiles) character file.

Game seed: 12924018735330130542

2085 mandarbmax the Grappler (level 9, -2/88 HPs)
             Began as a Troll Cinder Acolyte on Dec 15, 2021.
             Was a High Priest of Ignis.
             Slain by a yak (5 damage)
             ... on level 6 of the Dungeon.
             The game lasted 00:10:51 (4700 turns).

mandarbmax the Grappler (Troll Cinder Acolyte)      Turns: 4700, Time: 00:10:52

Health: -2/88      AC:  4    Str: 24    XL:     9   Next: 6%
Magic:  9/9        EV: 13    Int: 16    God:    Ignis [*****.]
Gold:   184        SH:  0    Dex:  9    Spells: 10/10 levels left

rFire   + . .      SeeInvis .     - Unarmed
rCold   . . .      Faith    .   (no shield)
rNeg    . . .      Spirit   .   a - +0 robe
rPois   .          Reflect  .   (helmet restricted)
rElec   .          Harm     .   (no cloak)
rCorr   .          Rampage  .   (gloves unavailable)
Will    .....                   (boots unavailable)
Stlth   +.........              (no amulet)
HPRegen 1.04/turn               e - +4 ring of evasion
MPRegen 0.11/turn               l - +6 ring of intelligence

@: about to teleport, studying Necromancy
A: large, unfitting armour, claws 3, regeneration 1, shaggy fur 1, tough skin 1
a: Renounce Religion, Fiery Armour, Foxfire Swarm, Rising Flame


You were on level 6 of the Dungeon.
You worshipped Ignis.
Ignis was extremely pleased with you.
You visited 1 branch of the dungeon, and saw 6 of its levels.

You collected 184 gold pieces.

Inventory:

Missiles
 b - 5 poisoned darts
 g - 2 throwing nets
 t - 7 boomerangs (quivered)
Armour
 a - a +0 robe (worn)
 p - a +0 cloak
Jewellery
 e - a +4 ring of evasion (left claw)
 l - a +6 ring of intelligence (right claw)
 u - an amulet of magic regeneration
Wands
 f - a wand of charming (8)
 v - a wand of flame (4)
Scrolls
 d - 2 scrolls of blinking
 h - a scroll of teleportation
 k - 2 scrolls of amnesia {unknown}
 m - a scroll of summoning {unknown}
 o - a scroll of magic mapping {unknown}
 r - a scroll of fear {unknown}
 w - a scroll of enchant armour {unknown}
Potions
 c - a potion of resistance
 i - 2 potions of ambrosia {unknown}
 j - 2 potions of heal wounds {unknown}
 n - a potion of brilliance


   Skills:
 + Level 5.5 Fighting
 + Level 5.2 Throwing
 * Level 9.0 Unarmed Combat
 - Level 1.0 Spellcasting
 - Level 2.1 Fire Magic


You had 10 spell levels left.
You didn't know any spells.
Your spell library contained the following spells:

 Spells                   Type           Power      Damage    Failure   Level
 Scorch                   Fire           14%        2d5       14%         2
 Freeze                   Ice            0%         1d3       22%         1
 Slow                     Hex            0%         N/A       22%         1
 Confusing Touch          Hex            0%         N/A       56%         3
 Frozen Ramparts          Ice            0%         1d2       56%         3
 Vampiric Draining        Necr           0%         2d6       56%         3
 Hailstorm                Conj/Ice       0%         3d3       92%         4


Dungeon Overview and Level Annotations

Branches:
Dungeon (6/15)
 Temple: D:4-7

Altars:
Nemelex Xobeh


Innate Abilities, Weirdness & Mutations

You are too large for most types of armour.
You have claws for hands.
Your natural rate of healing is unusually fast.
You are covered in fur. (AC +1)
You have tough skin. (AC +1)


Message History

The yak barely misses you.
Unknown command.
You scratch the yak.
The yak is heavily wounded.
The yak closely misses you.
You mangle the yak!!
The yak is almost dead.
The yak gores you!
Unknown command.
You are too injured to fight recklessly!
Unknown command.
You are too injured to fight recklessly!
You are too injured to fight recklessly!
You scratch the yak but do no damage.
The yak is almost dead.
The yak gores you. The yak barely misses you.
As you read the scroll of teleportation, it crumbles to dust.
You feel strangely unstable. The yak closely misses you. The yak gores you.
You mangle the yak!!
You kill the yak!
The yak gores you!
* * * LOW HITPOINT WARNING * * *
Your Unarmed Combat skill increases to level 9!
You have reached level 9!
Your experience leads to an increase in your attributes!
Your base attributes are Str 23, Int 10, Dex 7.
Increase (S)trength, (I)ntelligence, or (D)exterity?
You feel agile. x2; You feel stronger.
Unknown command.
You claw the yak!
The yak is moderately wounded.
The yak gores you!
* * * LOW HITPOINT WARNING * * *
The yak gores you!
* * * LOW HITPOINT WARNING * * *
Unknown command.
You feel better. The yak gores you!
* * * LOW HITPOINT WARNING * * *
The yak gores you.
You die...

#.#..#..#
#.#..#..###
#.##.#.....
#.#####.##.#..#
..............###.
#.................
#.###.#.##........
#.#.##Y#..###.
#.#.##@# |#
#.###.#.##Y#..#
#.#.................
#.#.###.#.##.#..#...
##.#.###.#.........
..................##
#................#
#.#..........#..## #
#####.#.#...........
#


You could see 2 yaks.

Vanquished Creatures
  Grinder (D:6)
  2 yaks (D:6)
  The ghost of patchburns1 the Skirmisher, an amateur HOFi (D:3)
  2 black bears
  An ice beast (D:5)
  2 ogres (D:5)
  A phantom (D:5)
  4 lemures (D:4)
  A scorpion (D:5)
  A wyvern zombie (D:6)
  4 wights (D:6)
  A howler monkey (D:5)
  2 jellies (D:5)
  A centaur zombie (D:5)
  2 bullfrog zombies
  A gnoll shaman (D:3)
  2 hounds (D:4)
  2 centaur skeletons (D:4)
  Jessica (D:2)
  2 iguanas (D:4)
  2 orc wizards
  A killer bee zombie (D:5)
  Robin (D:2)
  6 gnolls (D:3)
  2 adders (D:3)
  An adder skeleton (D:5)
  3 worms
  5 dart slugs
  5 orcs
  7 ball pythons
  9 bats
  3 endoplasms
  2 giant cockroaches
  7 goblins
  12 hobgoblins
  3 quokkas
  5 frilled lizards
  7 kobolds
  4 rats
119 creatures vanquished.

Vanquished Creatures (others)
  10 foxfires (D:3)
  6 plants (D:3)
16 creatures vanquished.

Grand Total: 135 creatures vanquished

Notes
Turn   | Place    | Note
-------+----------+-------------------------------------------
     0 | D:1      | mandarbmax the Troll Cinder Acolyte began the quest for the
                  | Orb.
     0 | D:1      | Reached XP level 1. HP: 22/22 MP: 1/1
   142 | D:1      | Found a faded altar of an unknown god.
   210 | D:1      | Reached XP level 2. HP: 29/29 MP: 2/2
   711 | D:2      | Noticed Robin
   714 | D:2      | Reached XP level 3. HP: 36/36 MP: 3/3
   723 | D:2      | Reached skill level 1 in Throwing
   868 | D:2      | Killed Robin
   882 | D:2      | Reached skill level 4 in Unarmed Combat
  1310 | D:2      | Noticed Jessica
  1319 | D:2      | Killed Jessica
  1320 | D:2      | Reached XP level 4. HP: 32/45 MP: 4/4
  1596 | D:3      | Found a transporter.
  1606 | D:3      | Noticed patchburns1's ghost (amateur HOFi)
  1759 | D:3      | Found a transporter.
  2421 | D:3      | Reached XP level 5. HP: 42/53 MP: 5/5
  2430 | D:3      | Killed patchburns1's ghost
  2431 | D:3      | Reached skill level 5 in Unarmed Combat
  2431 | D:3      | Reached XP level 6. HP: 35/61 MP: 6/6
  2858 | D:4      | Reached skill level 6 in Unarmed Combat
  2864 | D:4      | Reached XP level 7. HP: 60/68 MP: 7/7
  3207 | D:4      | Found a sparkling altar of Nemelex Xobeh.
  3498 | D:5      | Entered Level 5 of the Dungeon
  3682 | D:5      | Reached skill level 7 in Unarmed Combat
  3792 | D:5      | Reached XP level 8. HP: 73/79 MP: 8/8
  4430 | D:6      | Noticed Grinder
  4451 | D:6      | Reached skill level 8 in Unarmed Combat
  4458 | D:6      | Reached skill level 5 in Fighting
  4476 | D:6      | HP: 2/80 [wight (16)]
  4563 | D:6      | Paralysed by Grinder for 2 turns
  4567 | D:6      | Killed Grinder
  4568 | D:6      | Reached skill level 5 in Throwing
  4699 | D:6      | Reached skill level 9 in Unarmed Combat
  4699 | D:6      | Reached XP level 9. HP: 25/88 MP: 9/9
  4699 | D:6      | HP: 3/88 [yak (11)]
  4700 | D:6      | Slain by a yak

Illustrated notes

Levels and vault maps discovered:
D:1:      ncdulo_halloftheorcs, layout_loops_ring, basic_ecumenical_altar,
          minivault_25, st_stairs_3
D:2:      layout_basic, kennysheep_doodads, uniq_robin, uniq_jessica
D:3:      layout_basic, gammafunk_ghost_gnarly_gnolls
D:4:      layout_basic, lemuel_coloured_pillars_altar,
          chequers_serial_rivers_micro_b, nicolae_figureground_sparkle,
          uniq_pikel
D:5:      layout_loops_ring, kennysheep_potato
D:6:      layout_basic, kennysheep_pointless_box, uniq_grinder

Skill      XL: |  1  2  3  4  5  6  7  8 |
---------------+-------------------------+-----
Throwing       | 1 2 3 4 5 |  5.2
Unarmed Combat | 4 5 6 7 9 |  9.0
Fighting       | 3 4 5 |  5.5
Spellcasting   | |  1.0
Fire Magic     | |  2.1

Action                   |  1- 3 |  4- 6 |  7- 9 || total
-------------------------+-------+-------+-------++-------
Melee: Unarmed           |   105 |   121 |   167 ||   393
       Punch             |       |       |     5 ||     5
Throw: Dart              |    24 |     8 |    25 ||    57
       Boomerang         |       |       |     5 ||     5
       Throwing net      |       |       |     1 ||     1
Invok: Fiery Armour      |       |     1 |       ||     1
       Foxfire Swarm     |       |     1 |       ||     1
  Use: Scroll            |       |     3 |     4 ||     7
       Potion            |       |     1 |     1 ||     2
 Stab: Held in net/web   |       |       |     2 ||     2
Armor: Robe              |    36 |    48 |    29 ||   113
Dodge: Dodged            |    44 |    63 |    81 ||   188

Table legend: (Time is in decaauts)
 A = Elapsed time spent in this place.
 B = Non-inter-level travel time spent in this place.
 C = Inter-level travel time spent in this place.
 D = Time resting spent in this place.
 E = Time spent auto-exploring this place.
 F = Levels seen in this place.
 G = Mean time per level.
                   A        B        C        D        E       F      G
               +--------+--------+--------+--------+--------+-----+--------+
         Total |   4657 |   4414 |    243 |     74 |   3426 |   6 |  776.2 |
       Dungeon |   4657 |   4414 |    243 |     74 |   3426 |   6 |  776.2 |
               +--------+--------+--------+--------+--------+-----+--------+

Top non-repeatable levels by time:
     D:3: 1037 daAuts
     D:4: 940 daAuts
     D:5: 827 daAuts
     D:2: 755 daAuts
     D:1: 747 daAuts
     D:6: 350 daAuts
